Map: Ulrena

Players

Belgrat

  • Race: Protoss Protoss
  • League: Diamond

MorN - Winner!

  • Race: Terran Terran
  • League: Master

VOD

Have the link to the VOD?

Description

Time

  • Played on: Nov. 21, 2015, 11:31 p.m.
  • Length: 11:23
Show
View Real Time Build Order
Export as new Build Order

Belgrat Protoss 

Build Orders: Oracle Opening 

Get SALT Encoding   

  12  0:01  Probe (Chrono Boost)  
  13  0:11  Probe (Chrono Boost)  
  14  0:18  Pylon  
  14  0:22  Probe (Chrono Boost)  
  15  0:36  Probe (Chrono Boost)  
  15  0:37  Gateway  
  16  0:46  Probe (Chrono Boost), Assimilator  
  17  0:54  Assimilator  
  18  0:57  Probe (Chrono Boost)  
  18  1:07  Probe (Chrono Boost)  
  19  1:18  Probe (Chrono Boost)  
  20  1:21  Pylon  
  20  1:24  Cybernetics Core  
  20  1:28  Probe (Chrono Boost)  
  21  1:39  Probe (Chrono Boost)  
  22  1:50  Probe (Chrono Boost)  
  23  2:01  Nexus  
  23  2:07  Mothership Core (Chrono Boost)  
  25  2:10  Warp Gate  
  25  2:17  Adept  
  27  2:25  Probe (Chrono Boost)  
  28  2:37  Stargate  
  28  2:43  Probe (Chrono Boost)  
  28  2:44  Pylon  
  29  2:48  Adept  
  31  3:08  Probe (Chrono Boost)  
  32  3:14  Gateway  
  32  3:15  Probe (Chrono Boost)  
  32  3:19  Probe (Chrono Boost), Twilight Council  
  34  3:25  Probe (Chrono Boost)  
  35  3:29  Probe (Chrono Boost)  
  34  3:36  Probe (Chrono Boost)  
  34  3:38  Oracle  
  34  3:40  Probe (Chrono Boost)  
  39  3:52  Gateway  
  39  3:56  Pylon  
  36  4:19  Stalker x2  
  36  4:21  Probe x2 (Chrono Boost)  
  40  4:33  Probe (Chrono Boost)  
  40  4:34  Probe (Chrono Boost)  
  42  4:49  Adept x2  
  46  4:53  Probe (Chrono Boost)  
  46  4:54  Probe (Chrono Boost)  
  46  4:59  Assimilator  
  48  5:01  Assimilator  
  48  5:02  Stalker  
  48  5:03  Pylon  
  48  5:06  Pylon  
  52  5:07  Probe x2 (Chrono Boost)  
  52  5:16  Blink  
  52  5:17  Gateway  
  52  5:18  Probe (Chrono Boost)  
  53  5:23  Probe (Chrono Boost)  
  54  5:29  Probe (Chrono Boost)  
  55  5:47  Stalker x2  
  55  5:48  Stalker  
  55  6:11  Stalker x3  
  57  6:30  Probe x2 (Chrono Boost)  
  59  6:39  Gateway  
  53  6:40  Forge  
  53  6:42  Forge  
  53  7:02  Stalker x3  
  59  7:10  Pylon  
  59  7:12  Stalker  
  59  7:14  Probe x2 (Chrono Boost)  
  63  7:16  Pylon  
  63  7:18  Gateway  
  63  7:20  Gateway  
  63  7:24  Probe x2 (Chrono Boost)  
  63  7:26  Stalker x3  
  63  7:27  Nexus  
  63  7:29  Protoss Ground Weapons Level 1 (Chrono Boost), Pylon, Protoss Ground Armor Level 1 (Chrono Boost)  
  71  7:33  Charge  
  68  7:39  Stalker  
  70  7:44  Stalker  
  68  8:01  Stalker x3  
  58  8:16  Stalker x2  
  62  8:20  Oracle  
  62  8:24  Probe x2  
  67  8:27  Stalker x2  
  67  8:28  Stalker  
  73  8:36  Probe  
  73  8:37  Probe  
  73  8:39  Probe  
  76  8:48  Probe, Assimilator  
  76  8:49  Probe, Assimilator  
  76  8:50  Probe  
  79  9:00  Probe  
  79  9:01  Templar Archives, Probe x2  
  81  9:18  Zealot x2  
  81  9:19  Zealot x5  
  95  9:52  Nexus, Zealot x2  
  97  9:53  Zealot  
  97  9:59  Pylon  
  85  10:11  Probe  
  85  10:12  Probe  
  85  10:14  Pylon  
  81  10:24  Probe  
  64  10:35  Zealot x2  
  64  10:36  Zealot x5  
  78  10:48  Pylon  
  78  10:56  High Templar x4  
  78  10:57  High Templar x2  
  88  10:59  Zealot  
  82  11:10  Archon x2  
  82  11:11  Archon  
Show
View Real Time Build Order
Export as new Build Order

MorN Terran - Winner!

Build Orders: Cyclone Opening, MMM Bio 

Get SALT Encoding   

  12  0:01  SCV  
  13  0:13  SCV  
  14  0:17  Supply Depot  
  14  0:25  SCV  
  15  0:40  Barracks  
  15  0:41  SCV  
  16  0:46  Refinery  
  16  0:54  SCV  
  17  1:06  SCV  
  18  1:18  SCV  
  19  1:28  Marine  
  19  1:31  Orbital Command  
  20  1:42  Command Center  
  20  1:53  Factory  
  20  1:56  Marine  
  20  2:00  SCV  
  22  2:08  Supply Depot  
  22  2:13  SCV  
  23  2:29  Marine  
  23  2:30  SCV  
  25  2:38  Factory Tech Lab, Barracks  
  25  2:43  SCV  
  26  2:53  Marine  
  26  2:55  SCV  
  26  2:56  Orbital Command  
  27  2:59  Cyclone  
  29  3:22  SCV  
  29  3:25  Marine  
  29  3:40  SCV  
  30  3:41  Refinery  
  30  3:42  Marine  
  30  3:44  Stimpack, Marine  
  32  3:51  Command Center  
  32  3:52  SCV  
  33  4:03  Marine x2  
  35  4:14  Engineering Bay  
  35  4:21  Marine  
  36  4:30  Factory Reactor  
  36  4:36  Barracks  
  28  4:47  Missile Turret  
  28  4:48  Terran Infantry Weapons Level 1, SCV  
  28  4:50  Marauder  
  31  4:57  Barracks Tech Lab  
  31  4:59  SCV  
  32  5:01  Missile Turret  
  32  5:06  SCV  
  33  5:12  Marauder  
  35  5:15  Starport  
  35  5:17  SCV  
  35  5:18  SCV  
  35  5:20  Factory Reactor  
  37  5:26  Marauder  
  39  5:29  SCV  
  39  5:31  SCV  
  39  5:33  Marauder  
  41  5:41  Marine  
  40  5:47  Marauder  
  41  5:55  Marauder  
  40  6:02  SCV x2  
  42  6:09  Marauder  
  43  6:12  Marine  
  43  6:15  Orbital Command  
  43  6:16  SCV x2, Marauder  
  48  6:22  Medivac  
  48  6:23  Medivac  
  50  6:28  Refinery  
  50  6:29  SCV  
  50  6:30  SCV, Marauder  
  43  6:41  Marine x2  
  43  6:44  Orbital Command  
  43  6:45  Marauder  
  42  6:51  Marauder  
  42  6:59  Marine x2  
  44  7:05  SCV  
  44  7:06  Marine, Medivac  
  44  7:07  Medivac  
  50  7:10  SCV  
  50  7:12  Marine  
  52  7:16  Missile Turret, Marine  
  53  7:24  Combat Shields  
  53  7:27  SCV x2  
  53  7:28  SCV  
  56  7:38  Marine  
  56  7:39  SCV  
  56  7:41  SCV  
  59  7:45  Marauder  
  59  7:50  Marine  
  61  7:52  Marauder  
  57  8:04  Marine  
  58  8:06  Marine  
  58  8:08  Marine  
  58  8:09  Barracks x2, Liberator x2  
  56  8:13  Marauder  
  58  8:20  SCV x2  
  58  8:24  Marauder  
  68  8:28  Orbital Command  
  68  8:32  SCV, Refinery  
  69  8:34  Supply Depot x2  
  69  8:44  Terran Infantry Armor Level 1  
  69  8:56  SCV x3  
  72  9:04  Marine x2  
  72  9:07  Marauder  
  72  9:08  SCV x2, Barracks Tech Lab, Barracks Reactor  
  79  9:10  Marine  
  79  9:20  SCV x2  
  79  9:22  Marine x2  
  80  9:27  Marine x2  
  74  9:31  Marauder  
  74  9:32  SCV x2  
  72  9:40  Marine x2  
  72  9:45  Marine  
  74  9:46  Orbital Command, Marauder  
  74  9:52  Marine  
  78  9:56  Marine x2  
  78  9:58  Marine x2  
  79  10:01  Concussive Shells  
  79  10:02  Medivac  
  79  10:04  Marauder  
  83  10:07  Marauder  
  85  10:14  Supply Depot  
  85  10:15  Supply Depot  
  85  10:18  Marine  
  85  10:19  Marine  
  85  10:20  Marine  
  85  10:21  Marine  
  84  10:25  Marine  
  84  10:27  Marauder  
  84  10:28  Marine  
  80  10:36  Marine  
  80  10:37  Marine x2  
  80  10:38  SCV  
  80  10:39  Marine  
  85  10:43  Marine  
  85  10:46  Marine  
  85  10:48  Marine  
  88  10:54  Marine x2  
  88  10:55  Marine  
  91  10:58  Marine  
  91  11:01  Marine  
Tags
 
Add a new tag
Caveats
  • Supply blocks, unpowered buildings, or Contaminate may cause inaccurate times.
  • Supply counts are checked every 10 seconds.